| TOP OF THE 1ST |
|
Sioux Falls Packers batting - Pitching for Aberdeen Pheasants : RHP Josh Seymour
|
|
Pitching: RHP Josh Seymour
|
|
|
Batting: RHB Donald Devlin
|
0-0: Ball 1-0: Reached via error on a dropped throw from 3B, E3 (Groundball, 56S, EV 86.9 MPH)
|
|
Batting: RHB Javier Flores
|
0-0: Fielders Choice at 2nd, 1-4 (Groundball, 15S, EV 71.3 MPH)
|
|
Batting: LHB Mike Aldrete
|
0-0: Ball 1-0: Called Strike 1-1: Ball 2-1: Foul Ball, location: 2F 2-2: Fly out, F7 (Flyball, 7, EV 89.4 MPH)
|
|
Batting: SHB Dan Hanggie
|
0-0: Ball 1-0: Fly out, F9 (Flyball, 89XD, EV 101.9 MPH)
|
| Top of the 1st over - 0 runs, 0 hits, 1 error, 1 left on base; Sioux Falls 0 - Aberdeen 0 |
| BOTTOM OF THE 1ST |
|
Aberdeen Pheasants batting - Pitching for Sioux Falls Packers : RHP Moises Rangel
|
|
Pitching: RHP Moises Rangel
|
|
|
Batting: RHB Thomas Masterson
|
0-0: Swinging Strike 0-1: Ball 1-1: Swinging Strike 1-2: Strikes out looking
|
|
Batting: RHB Greg Howe
|
0-0: Swinging Strike 0-1: Ball 1-1: Ground out 6-3 (Groundball, 6, EV 81.9 MPH)
|
|
Batting: LHB Sergio Leija
|
0-0: Ground out 4-3 (Groundball, 4, EV 98.1 MPH)
|
| Bottom of the 1st over - 0 runs, 0 hits, 0 errors, 0 left on base; Sioux Falls 0 - Aberdeen 0 |
| TOP OF THE 2ND |
|
Sioux Falls Packers batting - Pitching for Aberdeen Pheasants : RHP Josh Seymour
|
|
Batting: LHB Randy Salava
|
0-0: Called Strike 0-1: Ball 1-1: Ball 2-1: DOUBLE (Line Drive, 78D, EV 106.9 MPH)
|
|
Batting: SHB Gary Springer
|
0-0: Ball 1-0: Ball 2-0: Called Strike 2-1: Called Strike 2-2: Ball 3-2: Base on Balls
|
|
Batting: LHB Michael Robbins
|
0-0: Ball 1-0: Foul Ball, location: 2F 1-1: Foul Ball, location: 2F 1-2: Ball 2-2: Strikes out swinging
|
|
Batting: RHB Ben Amaya
|
0-0: Ball 1-0: Called Strike 1-1: Foul Ball, location: 2F 1-2: Fielders Choice at 2nd, 5-4 (Groundball, 56S, EV 85.6 MPH) Randy Salava to third
|
|
Batting: RHB Francisco Perez
|
0-0: Ball 1-0: Called Strike 1-1: Foul Ball, location: 2F 1-2: Strikes out swinging
|
| Top of the 2nd over - 0 runs, 1 hit, 0 errors, 2 left on base; Sioux Falls 0 - Aberdeen 0 |
| BOTTOM OF THE 2ND |
|
Aberdeen Pheasants batting - Pitching for Sioux Falls Packers : RHP Moises Rangel
|
|
Batting: LHB Robert McNair
|
0-0: Fly out, F7 (Flyball, 7S, EV 84.4 MPH)
|
|
Batting: RHB Harry McCulla
|
0-0: Called Strike 0-1: Called Strike 0-2: Fly out, F7 (Flyball, 7, EV 90.6 MPH)
|
|
Batting: RHB Pedro Chavez
|
0-0: Ball 1-0: Foul Ball, location: 2F 1-1: Swinging Strike 1-2: Ball 2-2: Foul Ball, location: 2F 2-2: Strikes out looking
|
| Bottom of the 2nd over - 0 runs, 0 hits, 0 errors, 0 left on base; Sioux Falls 0 - Aberdeen 0 |
| TOP OF THE 3RD |
|
Sioux Falls Packers batting - Pitching for Aberdeen Pheasants : RHP Josh Seymour
|
|
Batting: RHB Donald Devlin
|
0-0: Called Strike 0-1: Ball 1-1: Swinging Strike 1-2: Ball 2-2: Strikes out swinging
|
|
Batting: RHB Javier Flores
|
0-0: Fly out, F8 (Flyball, 8LS, EV 83.8 MPH)
|
|
Batting: LHB Mike Aldrete
|
0-0: Foul Ball, location: 2F 0-1: Foul Ball, location: 2F 0-2: SINGLE (Line Drive, 8LS, EV 113.8 MPH)
|
|
Batting: SHB Dan Hanggie
|
0-0: Fielders Choice at 2nd, 5-4 (Groundball, 5, EV 100.6 MPH)
|
| Top of the 3rd over - 0 runs, 1 hit, 0 errors, 1 left on base; Sioux Falls 0 - Aberdeen 0 |
| BOTTOM OF THE 3RD |
|
Aberdeen Pheasants batting - Pitching for Sioux Falls Packers : RHP Moises Rangel
|
|
Batting: RHB Alejandro Luna
|
0-0: Ground out 6-3 (Groundball, 6, EV 96.9 MPH)
|
|
Batting: RHB Armando Ramirez
|
0-0: Ball 1-0: Ball 2-0: Fly out, F6 (Popup, 6MS, EV 78.8 MPH)
|
|
Batting: RHB Diego Martinez
|
0-0: Ball 1-0: Ball 2-0: Ball 3-0: Called Strike 3-1: Base on Balls
|
|
Batting: RHB Thomas Masterson
|
0-0: Called Strike 0-1: Foul Ball, location: 2F 0-2: Ball 1-2: Ball 2-2: Ball 3-2: Fly out, F9 (Line Drive, 9D, EV 88.1 MPH)
|
| Bottom of the 3rd over - 0 runs, 0 hits, 0 errors, 1 left on base; Sioux Falls 0 - Aberdeen 0 |
| TOP OF THE 4TH |
|
Sioux Falls Packers batting - Pitching for Aberdeen Pheasants : RHP Josh Seymour
|
|
Batting: LHB Randy Salava
|
0-0: Ground out 6-3 (Groundball, 56, EV 81.3 MPH)
|
|
Batting: SHB Gary Springer
|
0-0: Fly out, F8 (Flyball, 8LM, EV 91.9 MPH)
|
|
Batting: LHB Michael Robbins
|
0-0: Ball 1-0: Foul Ball, location: 2F 1-1: Foul Ball, location: 2F 1-2: Ball 2-2: Foul Ball, location: 2F 2-2: DOUBLE (Flyball, 78D, EV 95.6 MPH)
|
|
Batting: RHB Ben Amaya
|
0-0: Ball 1-0: Ball 2-0: Ball 3-0: Base on Balls
|
|
Batting: RHB Francisco Perez
|
0-0: Ball 1-0: Called Strike 1-1: Ground out 5-3 (Groundball, 56S, EV 85.0 MPH)
|
| Top of the 4th over - 0 runs, 1 hit, 0 errors, 2 left on base; Sioux Falls 0 - Aberdeen 0 |
| BOTTOM OF THE 4TH |
|
Aberdeen Pheasants batting - Pitching for Sioux Falls Packers : RHP Moises Rangel
|
|
Batting: RHB Greg Howe
|
0-0: Foul Ball, location: 2F 0-1: Ball 1-1: Ball 2-1: Ball 3-1: Base on Balls
|
|
Batting: LHB Sergio Leija
|
0-0: SINGLE (Line Drive, 78S, EV 110.0 MPH) Greg Howe to second Runner from 2nd tries for 3rd, OUT! 7-5
|
|
Batting: LHB Robert McNair
|
0-0: Ball 1-0: Swinging Strike 1-1: Ball 2-1: Foul Ball, location: 2F 2-2: Foul Ball, location: 2F 2-2: DOUBLE (Line Drive, 78M, EV 101.3 MPH) Sergio Leija to third Sergio Leija scores
|
|
Batting: RHB Harry McCulla
|
0-0: Called Strike 0-1: Ball 1-1: Ball 2-1: Ball 3-1: Base on Balls
|
|
Batting: RHB Pedro Chavez
|
0-0: Foul Ball, location: 2F 0-1: Ball 1-1: Fielders Choice at 2nd, 5-4 (Groundball, 56, EV 81.3 MPH) Robert McNair to third
|
|
Batting: RHB Alejandro Luna
|
0-0: Called Strike 0-1: Ball 1-1: Foul Ball, location: 2F 1-2: Strikes out swinging
|
| Bottom of the 4th over - 1 run, 2 hits, 0 errors, 2 left on base; Sioux Falls 0 - Aberdeen 1 |
| TOP OF THE 5TH |
|
Sioux Falls Packers batting - Pitching for Aberdeen Pheasants : RHP Josh Seymour
|
|
Batting: RHB Donald Devlin
|
0-0: Called Strike 0-1: Foul Ball, location: 2F 0-2: Ball 1-2: Ball 2-2: Reached via error on a dropped throw from SS, E3 (Groundball, 6, EV 88.1 MPH)
|
|
Batting: RHB Javier Flores
|
0-0: Bunted foul 0-1: Bunted foul 0-2: Ball 1-2: Foul Ball, location: 2F 1-2: Fly out, F8 (Flyball, 8LS, EV 88.1 MPH)
|
|
Batting: LHB Mike Aldrete
|
0-0: Ball Donald Devlin is caught stealing 2nd base 2-6 1-0: Foul Ball, location: 2F 1-1: Foul Ball, location: 2F 1-2: Ball 2-2: Strikes out swinging
|
| Top of the 5th over - 0 runs, 0 hits, 1 error, 0 left on base; Sioux Falls 0 - Aberdeen 1 |
| BOTTOM OF THE 5TH |
|
Aberdeen Pheasants batting - Pitching for Sioux Falls Packers : RHP Moises Rangel
|
|
Batting: RHB Armando Ramirez
|
0-0: Ball 1-0: Ball 2-0: Called Strike 2-1: Fly out, F9 (Flyball, 89M, EV 90.6 MPH)
|
|
Batting: RHB Diego Martinez
|
0-0: Ball 1-0: Ball 2-0: Called Strike 2-1: Swinging Strike 2-2: Ball 3-2: Strikes out swinging
|
|
Batting: RHB Thomas Masterson
|
0-0: Called Strike 0-1: Foul Ball, location: 2F 0-2: Foul Ball, location: 2F 0-2: Ball 1-2: Ball 2-2: Foul Ball, location: 2F 2-2: Ball 3-2: DOUBLE (Line Drive, 3D, EV 97.5 MPH)
|
|
Batting: RHB Greg Howe
|
0-0: Foul Ball, location: 2F 0-1: Ball 1-1: Ball 2-1: Called Strike 2-2: SINGLE (Line Drive, 56, EV 95.0 MPH) Thomas Masterson to third Runner from 3rd tries for Home, SAFE, throw by LF to home
|
|
Batting: LHB Sergio Leija
|
0-0: Called Strike 0-1: Ball 1-1: Foul Ball, location: 2F 1-2: Ground out U3 (Groundball, 3, EV 111.3 MPH)
|
| Bottom of the 5th over - 1 run, 2 hits, 0 errors, 1 left on base; Sioux Falls 0 - Aberdeen 2 |
| TOP OF THE 6TH |
|
Sioux Falls Packers batting - Pitching for Aberdeen Pheasants : RHP Josh Seymour
|
|
Batting: SHB Dan Hanggie
|
0-0: Ball 1-0: Foul Ball, location: 2F 1-1: SINGLE (Groundball, 56, EV 97.5 MPH)
|
|
Batting: LHB Randy Salava
|
0-0: Swinging Strike 0-1: Called Strike 0-2: Strikes out looking
|
|
Batting: SHB Gary Springer
|
0-0: Ball 1-0: Called Strike 1-1: Ball 2-1: Ground out 6-3 (Groundball, 6MD, EV 100.0 MPH) Dan Hanggie to second
|
|
Batting: LHB Michael Robbins
|
0-0: Ball 1-0: Ball 2-0: Called Strike 2-1: Foul Ball, location: 2F 2-2: Foul Ball, location: 2F 2-2: Ball 3-2: Fly out, F8 (Flyball, 8LS, EV 83.8 MPH)
|
| Top of the 6th over - 0 runs, 1 hit, 0 errors, 1 left on base; Sioux Falls 0 - Aberdeen 2 |
| BOTTOM OF THE 6TH |
|
Aberdeen Pheasants batting - Pitching for Sioux Falls Packers : RHP Moises Rangel
|
|
Batting: LHB Robert McNair
|
0-0: SINGLE (Groundball, 56D, EV 96.9 MPH)
|
|
Batting: RHB Harry McCulla
|
0-0: Called Strike 0-1: Ball 1-1: Ball 2-1: Ball 3-1: Base on Balls Robert McNair to second
|
|
Batting: RHB Pedro Chavez
|
0-0: Bunted foul 0-1: Bunt - Flyout to 25! F5
|
|
Batting: RHB Alejandro Luna
|
0-0: Called Strike 0-1: Ball 1-1: Reached on error, E5 (Groundball, 5, EV 84.4 MPH) Robert McNair to third Harry McCulla to second
|
|
Batting: RHB Armando Ramirez
|
0-0: Ball 1-0: Swinging Strike 1-1: Grounds into fielders choice 4-2 (Groundball, 4, EV 90.0 MPH) Harry McCulla to third Alejandro Luna to second
|
|
Batting: RHB Diego Martinez
|
0-0: Called Strike 0-1: Ball 1-1: Ball 2-1: Foul Ball, location: 2F 2-2: Strikes out swinging
|
| Bottom of the 6th over - 0 runs, 1 hit, 1 error, 3 left on base; Sioux Falls 0 - Aberdeen 2 |
| TOP OF THE 7TH |
|
Sioux Falls Packers batting - Pitching for Aberdeen Pheasants : RHP Josh Seymour
|
|
Batting: RHB Ben Amaya
|
0-0: Foul Ball, location: 2F 0-1: Ball 1-1: Fly out, F8 (Line Drive, 8LM, EV 92.5 MPH)
|
|
Batting: RHB Francisco Perez
|
0-0: Called Strike 0-1: Ball 1-1: Swinging Strike 1-2: Ball 2-2: Ball 3-2: Foul Ball, location: 2F 3-2: Ground out 5-3 (Groundball, 56, EV 100.6 MPH)
|
|
Batting: RHB Donald Devlin
|
0-0: Ball 1-0: Called Strike 1-1: Ball 2-1: Ball 3-1: Foul Ball, location: 2F 3-2: Foul Ball, location: 2F 3-2: SINGLE (Groundball, 3S, EV 70.6 MPH) (infield hit)
|
|
Batting: RHB Javier Flores
|
0-0: Ball 1-0: Swinging Strike 1-1: Ground out U3 (Groundball, 34S, EV 86.9 MPH)
|
| Top of the 7th over - 0 runs, 1 hit, 0 errors, 1 left on base; Sioux Falls 0 - Aberdeen 2 |
| BOTTOM OF THE 7TH |
|
Aberdeen Pheasants batting - Pitching for Sioux Falls Packers : RHP Moises Rangel
|
|
Batting: RHB Thomas Masterson
|
0-0: Ground out 5-3 (Groundball, 56, EV 108.8 MPH)
|
|
Batting: RHB Greg Howe
|
0-0: Ball 1-0: DOUBLE (Flyball, 89D, EV 100.6 MPH)
|
|
Batting: LHB Sergio Leija
|
0-0: Ball 1-0: Ball Greg Howe steals 3rd base 2-0: DOUBLE (Groundball, 3L, EV 101.3 MPH) Greg Howe scores
|
|
Batting: LHB Robert McNair
|
0-0: Intentional Walk
|
|
Batting: RHB Harry McCulla
|
0-0: Fly out, F2 (Popup, 23F, EV 88.8 MPH)
|
|
Batting: RHB Pedro Chavez
|
0-0: DOUBLE (Flyball, 78D, EV 95.6 MPH) Sergio Leija scores Robert McNair to third Runner from 3rd tries for Home, SAFE, no throw by CF
|
|
Pitching: RHP Juan Ponce
|
|
|
Batting: RHB Alejandro Luna
|
0-0: Ball 1-0: Ball 2-0: Fly out, F8 (Line Drive, 8LD, EV 86.9 MPH)
|
| Bottom of the 7th over - 3 runs, 3 hits, 0 errors, 1 left on base; Sioux Falls 0 - Aberdeen 5 |
| TOP OF THE 8TH |
|
Sioux Falls Packers batting - Pitching for Aberdeen Pheasants : RHP Josh Seymour
|
|
Batting: LHB Mike Aldrete
|
0-0: Foul Ball, location: 2F 0-1: Swinging Strike 0-2: Ground out 3-1 (Groundball, 23, EV 86.3 MPH)
|
|
Batting: SHB Dan Hanggie
|
0-0: Ball 1-0: Ground out 4-3 (Groundball, 4, EV 78.8 MPH)
|
|
Batting: LHB Randy Salava
|
0-0: Ball 1-0: Called Strike 1-1: Foul Ball, location: 2F 1-2: Ball 2-2: Foul Ball, location: 2F 2-2: Ball 3-2: Fly out, F8 (Flyball, 78XD, EV 101.9 MPH)
|
| Top of the 8th over - 0 runs, 0 hits, 0 errors, 0 left on base; Sioux Falls 0 - Aberdeen 5 |
| BOTTOM OF THE 8TH |
|
Aberdeen Pheasants batting - Pitching for Sioux Falls Packers : RHP Juan Ponce
|
|
Batting: RHB Armando Ramirez
|
0-0: Ball 1-0: Foul Ball, location: 2F 1-1: Swinging Strike 1-2: DOUBLE (Line Drive, 9LD, EV 102.5 MPH)
|
|
Batting: RHB Diego Martinez
|
0-0: Ball 1-0: Foul Ball, location: 2F 1-1: Swinging Strike 1-2: Strikes out swinging
|
|
Batting: RHB Thomas Masterson
|
0-0: Ball 1-0: Called Strike 1-1: Ground out 5-3 (Groundball, 56, EV 103.8 MPH)
|
|
Batting: RHB Greg Howe
|
0-0: Ball 1-0: Called Strike 1-1: Ball 2-1: Foul Ball, location: 2F 2-2: Ground out 4-3 (Groundball, 4D, EV 96.9 MPH)
|
| Bottom of the 8th over - 0 runs, 1 hit, 0 errors, 1 left on base; Sioux Falls 0 - Aberdeen 5 |
| TOP OF THE 9TH |
|
Sioux Falls Packers batting - Pitching for Aberdeen Pheasants : RHP Josh Seymour
|
|
Batting: SHB Gary Springer
|
0-0: Ball 1-0: Ground out 4-3 (Groundball, 4S, EV 70.6 MPH)
|
|
Batting: LHB Michael Robbins
|
0-0: Foul Ball, location: 2F 0-1: Ball 1-1: Fly out, F5 (Line Drive, 5, EV 66.3 MPH)
|
|
Batting: RHB Ben Amaya
|
0-0: Called Strike 0-1: Fly out, F7 (Flyball, 7LM, EV 105.0 MPH)
|
| Top of the 9th over - 0 runs, 0 hits, 0 errors, 0 left on base; Sioux Falls 0 - Aberdeen 5 |
|